 Dungeon Crawl Stone Soup version 0.31-a0-259-g771a54ca4b (webtiles) character file.

Game seed: 1911464044814569137

250 qw the Shooter (level 6, 0/37 HPs)
             Began as a Gargoyle Hexslinger on July 13, 2023.
             Slain by an orc wizard
             ... wielding a +0 dagger
              (3 damage)
             ... on level 3 of the Dungeon.
             The game lasted 00:01:09 (2164 turns).

qw the Shooter (Gargoyle Hexslinger)                Turns: 2164, Time: 00:01:10

Health: 0/37       AC:  8    Str: 12    XL:     6   Next: 13%
Magic:  7/7        EV: 11    Int: 13    God:
Gold:   84         SH:  0    Dex: 14    Spells: 6/7 levels left

rFire   . . .        Y - +1 sling
rCold   . . .        (no shield)
rNeg    + . .        d - +0 leather armour
rPois   inf          a - +0 helmet
rElec   +            (no cloak)
rCorr   .            (no gloves)
SInv    .            (no boots)
Will    .....        e - amulet of faith
Stlth   +            (no ring)
HPRegen 0.26/turn    (no ring)
MPRegen 0.10/turn

%: faith
@: no status effects
A: sickness immunity, AC +4, negative energy resistance 1, electricity
resistance, torment resistance 1, petrification resistance
a: no special abilities


You were on level 3 of the Dungeon.
You visited 1 branch of the dungeon, and saw 4 of its levels.

You collected 84 gold pieces.


Innate Abilities, Weirdness & Mutations

You are immune to sickness and miasma.
Your stone body is resilient. (AC +4)
You are immune to poison.
You resist negative energy. (rN+)
You are resistant to electric shocks. (rElec)
You are resistant to unholy torment.
You are immune to petrification.


   Skills:
 - Level 3.1 Fighting
 + Level 5.5 Ranged Weapons
 - Level 1.5 Dodging
 - Level 1.0 Spellcasting
 - Level 2.6 Hexes


You had 6 spell levels left.
You knew the following spells:

 Your Spells              Type           Power      Damage    Failure   Level
a - Slow                  Hex            28%        N/A       12%         1

Your spell library contained the following spells:

 Spells                   Type           Power      Damage    Failure   Level
 Inner Flame              Hex/Fire       4%         N/A       52%         3
 Portal Projectile        Hex/Tloc       8%         N/A       52%         3
 Cause Fear               Hex            3%         N/A       75%         4

Inventory:

Hand Weapons
 Y - a +1 sling (weapon)
Armour
 a - a +0 helmet (worn)
 d - a +0 leather armour (worn)
Jewellery
 b - a ring of ice
 e - an amulet of faith (around neck)
Scrolls
 c - a scroll of identify
Potions
 f - a potion of might
 l - 2 potions of degeneration {unknown}
 m - a potion of haste {unknown}

Dungeon Overview and Level Annotations

Branches:
Dungeon (4/15)
 Temple: D:4-7

Altars:

Annotations:
D:2 1 runed translucent door, Crazy Yiuf
D:4 3 runed translucent doors, qw's ghost, novice MiHs


Message History

The orc wizard hits you but does no damage.
The orc hits you but does no damage.
The orc wizard casts a spell.
The orc wizard flickers and vanishes!
Deactivating autopickup; reactivate with Ctrl-A.
The orc wizard hits you with a +0 dagger.
The orc wizard casts a spell at you. The puff of flame hits you!
The orc hits you but does no damage.
You feel less confused.
The orc wizard hits you but does no damage.
The orc wizard hits you with a +0 dagger.
The orc hits you but does no damage.
You shoot a sling bullet. The sling bullet hits the orc wizard.
The orc wizard is heavily wounded.
The orc wizard closely misses you.
The orc wizard hits you with a +0 dagger.
The orc hits you with a +0 short sword.
You shoot a sling bullet. The sling bullet hits the orc wizard!
You kill the orc wizard!
The orc wizard casts a spell at you. You resist with some effort.
You shoot a sling bullet.
The sling bullet hits the orc wizard but does no damage.
The orc wizard hits you but does no damage.
The orc hits you but does no damage.
You shoot a sling bullet.
The sling bullet closely misses the orc wizard.
Something barely misses you. The orc wizard barely misses you.
The orc barely misses you.
You shoot a sling bullet. The sling bullet misses the orc wizard.
Something hits you but does no damage.
The orc wizard hits you but does no damage.
The orc hits you but does no damage. Something hits you but does no damage.
The orc hits you but does no damage.
The orc wizard hits you but does no damage.
You shoot a sling bullet.
The sling bullet closely misses the orc wizard.
Something hits you. The orc hits you but does no damage.
The orc wizard hits you with a +0 dagger.
You die...

..........#
.#######..#
#..# #..#
#..# #..#
#..# #..#
#@o# #{o#
#....#
o..)[#.#
....... .#
## ..>....
.# ..
....... ##
.. ....###
.. ....


You could see an orc wizard and an orc.

Vanquished Creatures
  An orc priest (D:3)
  Jessica (D:2)
  An iguana (D:4)
  An orc wizard (D:3)
  Robin (D:1)
  5 adders
  2 worms (D:2)
  3 dart slugs
  5 orcs (D:4)
  A ball python (D:4)
  5 endoplasms
  2 giant cockroaches
  11 goblins
  11 hobgoblins
  4 jackals (D:3)
  4 kobolds (D:2)
  4 quokkas (D:2)
  2 bats
  A frilled lizard (D:3)
  7 rats
72 creatures vanquished.

Notes
Turn   | Place    | Note
-------+----------+-------------------------------------------
     0 | D:1      | qw the Gargoyle Hexslinger began the quest for the Orb.
     0 | D:1      | Reached XP level 1. HP: 12/12 MP: 2/2
     0 | D:1      | 0 ||| qw: Version: 0.3-a-52-g30416fa
     0 | D:1      | 0 ||| qw: Game counter: 6916
     0 | D:1      | 0 ||| qw: Melee chars always use a shield: true
     0 | D:1      | 0 ||| qw: God list: Okawaru
     0 | D:1      | 0 ||| qw: Allow faded altars: false
     0 | D:1      | 0 ||| qw: Do Orc after clearing Dungeon:15 true
     0 | D:1      | 0 ||| qw: Do second Lair branch before Depths: true
     0 | D:1      | 0 ||| qw: Lair rune preference: random
     0 | D:1      | 0 ||| qw: Goals: Normal
     0 | D:1      | 0 ||| PLANNING D:1-11
   227 | D:1      | Reached XP level 2. HP: 16/16 MP: 3/3
   350 | D:1      | Reached skill level 3 in Ranged Weapons
   455 | D:1      | 455 ||| UPGRADING to +0 leather armour.
   465 | D:1      | 465 ||| DROPPING +0 robe.
   466 | D:1      | 466 ||| READING scroll labelled TUM EKHLIOPSUAN.
   467 | D:1      | 467 ||| READING scroll labelled ETHUEKKOPA.
   468 | D:1      | 468 ||| DROPPING scroll of poison.
   496 | D:2      | Noticed Robin
   500 | D:2      | 500 ||| FLEEEEING.
   501 | D:2      | 501 ||| FLEEEEING.
   502 | D:2      | 502 ||| FLEEEEING.
   510 | D:2      | 510 ||| STAIRDANCE
   513 | D:1      | Killed Robin
   514 | D:1      | Reached XP level 3. HP: 19/22 MP: 4/4
   528 | D:1      | 528 ||| UPGRADING to +0 helmet.
   542 | D:2      | 542 ||| STAIRDANCE
   687 | D:2      | Reached XP level 4. HP: 21/27 MP: 5/5
   772 | D:2      | Found a faded altar of an unknown god.
   943 | D:2      | Found a runed translucent door.
   944 | D:2      | Noticed Crazy Yiuf
  1146 | D:2      | Reached skill level 4 in Ranged Weapons
  1284 | D:2      | Noticed Jessica
  1292 | D:2      | Killed Jessica
  1398 | D:2      | 1398 ||| DRINKING 2 green potions.
  1399 | D:2      | 1399 ||| READING 2 scrolls of identify.
  1399 | D:2      | 1399 ||| IDENTIFYING clear potion
  1400 | D:2      | 1400 ||| DROPPING potion of brilliance.
  1446 | D:3      | Reached XP level 5. HP: 31/31 MP: 6/6
  1632 | D:3      | You fall into a shaft and drop 1 floor!
  1787 | D:4      | Reached skill level 5 in Ranged Weapons
  1803 | D:4      | Reached skill level 3 in Fighting
  1972 | D:4      | Noticed qw's ghost (novice MiHs)
  1988 | D:4      | Found a runed translucent gate.
  1988 | D:4      | Found a runed translucent gate.
  1989 | D:4      | Found a runed translucent gate.
  2078 | D:4      | 2078 ||| UPGRADING to amulet of faith.
  2083 | D:4      | 2083 ||| READING scroll labelled AFYMUG KUHITZU.
  2104 | D:4      | 2104 ||| READING scroll labelled ZIOQOUM OSOEMO.
  2105 | D:4      | 2105 ||| READING scroll labelled KIGROA HUFFULA.
  2106 | D:4      | 2106 ||| READING scroll labelled CUPPIO MOJY NEU.
  2107 | D:4      | 2107 ||| READING 2 scrolls of identify.
  2107 | D:4      | 2107 ||| IDENTIFYING silvery potion
  2108 | D:4      | 2108 ||| DROPPING potion of attraction.
  2140 | D:3      | 2140 ||| Stepping ~*~*~tactically~*~*~ (outnumbered).
  2146 | D:3      | Reached XP level 6. HP: 34/37 MP: 7/7
  2146 | D:3      | 2146 ||| Stepping ~*~*~tactically~*~*~ (outnumbered).
  2158 | D:3      | HP: 9/37 [orc wizard/+0 dagger (4)]
  2159 | D:3      | HP: 4/37 [orc/+0 short sword (3)]
  2164 | D:3      | HP: 3/37 [something (3)]
  2164 | D:3      | Slain by an orc wizard

Levels and vault maps discovered:
D:1:      psy_arrival_basics, layout_rooms, nicolae_houndstooth_variations
D:2:      layout_loops_cross, basic_ecumenical_altar, uniq_jessica, uniq_robin,
          uniq_crazy_yiuf_cottage
D:3:      layout_basic, mainiacjoe_overflow_divided_tiny
D:4:      layout_loops_corners, gammafunk_ghost_split

Skill      XL: |  1  2  3  4  5 |
---------------+----------------+-----
Ranged Weapons | 3 4 5 |  5.5
Fighting       | 2 3 |  3.1
Dodging        | |  1.5
Spellcasting   | |  1.0
Hexes          | |  2.6

Action                     |  1- 3 |  4- 6 || total
---------------------------+-------+-------++-------
   Fire: Sling             |   105 |   214 ||   319
    Use: Scroll            |     2 |     6 ||     8
         Potion            |       |     1 ||     1
 Armour: Robe              |     1 |       ||     1
         Leather armour    |    28 |    93 ||   121
  Dodge: Dodged            |    47 |   104 ||   151

Table legend:
 A = Non-vault XP
 B = Vault XP
 C = Vault XP percentage of total XP
 D = Non-vault monster count
 E = Vault monster count
 F = Vault count percentage of total count
                 A         B        C        D         E       F
            +---------+---------+-------+---------+---------+-------
      Total |     284 |      74 |  20.7 |      58 |      14 |  19.4
            +---------+---------+-------+---------+---------+-------
        D:1 |      23 |      17 |  42.5 |      11 |       2 |  15.4
        D:2 |      65 |      57 |  46.7 |      21 |      12 |  36.4
        D:3 |     106 |       0 |   0.0 |      12 |       0 |   0.0
        D:4 |      90 |       0 |   0.0 |      14 |       0 |   0.0
            +---------+---------+-------+---------+---------+-------
